 Dungeon Crawl Stone Soup version 0.30-a0-458-g86641cc369 (webtiles) character file.

Game seed: 16310157800958627170

300 zishaf the Sneak (level 6, -4/33 HPs)
             Began as a Vine Stalker Brigand on Dec 14, 2022.
             Succumbed to a water moccasin's poison
             ... on level 4 of the Dungeon.
             The game lasted 00:07:40 (3450 turns).

zishaf the Sneak (Vine Stalker Brigand)             Turns: 3450, Time: 00:07:41

Health: -4/33      AC:  9    Str: 14    XL:     6   Next: 36%
Magic:  0/7        EV: 10    Int: 11    God:
Gold:   78         SH:  0    Dex: 23    Spells: 5/5 levels left

rFire   . . .      SeeInvis .    k - +2 dagger (speed)
rCold   + . .      Faith    .    v - orb {light}
rNeg    . . .      Spirit   +    j - +2 ring mail {rC+}
rPois   .          Reflect  .    (no helmet)
rElec   .          Harm     .    c - +0 cloak
rCorr   .          Rampage  .    t - +0 pair of gloves
Will    .....                    (no boots)
Stlth   +.........               (no amulet)
HPRegen 1.05/turn                p - +6 ring of dexterity
MPRegen 0.10/turn                (no ring)

@: lethally poisoned (-4 -> -28), glowing
A: fangs 2, regeneration 1, magic shield, antimagic bite, no potion heal 2
a: no special abilities


You were on level 4 of the Dungeon.
You visited 1 branch of the dungeon, and saw 4 of its levels.
You also visited: Sewer.

You collected 265 gold pieces.
You spent 187 gold pieces at shops.

Inventory:

Hand Weapons
 a - a +2 dagger
 k - a +2 dagger of speed (weapon)
Missiles
 d - 13 poisoned darts (quivered)
 e - 3 curare-tipped darts
Armour
 c - a +0 cloak (worn)
 j - a +2 ring mail of cold resistance (worn)
 t - a +0 pair of gloves (worn)
 v - an orb of light (worn)
Jewellery
 p - a +6 ring of dexterity (left hand)
Scrolls
 b - a scroll of blinking
 g - 4 scrolls of teleportation
 h - a scroll of identify
 A - a scroll of fear
Potions
 f - a potion of attraction
 i - a potion of might
 l - 3 potions of flight
 q - a potion of curing
 u - 3 potions of haste
 w - a potion of magic
 z - a potion of ambrosia


   Skills:
 + Level 4.0 Fighting
 + Level 3.8 Short Blades
 - Level 2.0 Throwing
 - Level 1.0 Dodging
 - Level 6.0 Stealth


You had 5 spell levels left.
You didn't know any spells.
Your spell library contained the following spells:

 Spells                   Type           Power      Damage    Failure   Level
 Cigotuvi's Dreadful Rot  Necr/Pois/Air  0%         N/A       73%         2
 Poisonous Vapours        Pois/Air       0%         N/A       73%         2
 Mephitic Cloud           Conj/Pois/Air  0%         N/A       91%         3
 Tukima's Dance           Hex            0%         N/A       91%         3
 Passage of Golubria      Tloc           0%         N/A       100%        4
 Petrify                  Tmut/Erth      0%         N/A       100%        4
 Summon Ice Beast         Ice/Summ       0%         N/A       100%        4
 Metabolic Englaciation   Hex/Ice        0%         N/A       100%        5
 Summon Mana Viper        Hex/Summ       0%         N/A       100%        5
 Yara's Violent Unravell  Hex/Tmut       0%         3d3       100%        5
 Statue Form              Tmut/Erth      0%         N/A       100%        6
 Monstrous Menagerie      Summ           0%         N/A       100%        7
 Chain Lightning          Conj/Air       0%         N/A       100%        9
 Fire Storm               Conj/Fire      0%         5d1       100%        9
 Shatter                  Erth           0%         3d5*      100%        9


Dungeon Overview and Level Annotations

Branches:
Dungeon (4/15)              Sewer (visited)
 Temple: D:4-7

Altars:
The Shining One

Shops:
D:2 (   D:4 *


Innate Abilities, Weirdness & Mutations

You have extremely sharp teeth.
Your natural rate of healing is unusually fast.
When hurt, damage is shared between your health and your magic reserves.
Your bite disrupts and absorbs the magic of your enemies.
Potions cannot restore your health.


Message History

You feel sick. The water moccasin barely misses you.
The iguana bites you but does no damage.
You hit the water moccasin. Your bite misses the water moccasin.
The water moccasin is severely wounded.
You feel sick.
The water moccasin bites you but does no damage.
You hit the water moccasin.
The water moccasin is severely wounded.
You feel sick. The iguana closely misses you.
The ball python bites you but does no damage.
The ball python completely misses you.
The water moccasin bites you but does no damage.
You hit the water moccasin.
You bite the water moccasin, but do no damage.
The water moccasin is almost dead.
You feel sick.
You hit the water moccasin. Your bite misses the water moccasin.
The water moccasin is almost dead.
You feel sick. The water moccasin misses you.
The ball python closely misses you. The ball python grabs you.
The ball python constricts you. The iguana bites you!
* * * LOW HITPOINT WARNING * * *
You are too injured to fight recklessly!
You are too injured to fight recklessly!
You are too injured to fight recklessly!
You are too injured to fight recklessly!
You are too injured to fight recklessly!
The ball python's grasp on you weakens, but your attempt to escape fails.
You feel sick. The water moccasin bites you.
* * * LOW HITPOINT WARNING * * *
You are lethally poisoned!
The water moccasin poisons you!
The ball python bites you but does no damage.
The ball python constricts you. The iguana barely misses you.
The water moccasin bites you!
* * * LOW HITPOINT WARNING * * *
You are more poisoned.
The water moccasin poisons you!
You escape the ball python's grasp.
You die...

*****,* ###.# #..
*,,,,,* #...# #..
*,***** #.### #..
*,* #.# #.. *,* #.#
#.. *,* #.# #.. *,*
########.# ##. *,*
#........# #.
*,**** #.....@..#
#.
*,,,,***#...S...##
#.
**,,,,,......lS..#
#.
**,,,,,,.##.......#
##
,,,,,,,,..........#
,*,,,,,,.##.......#
,**,,,,,**#.##.##.#
,**,,,,** #.,..**.#
,**,*,** #,*##**.#


You could see a water moccasin, an iguana and a ball python.

Vanquished Creatures
  An iguana (D:3)
  9 adders
  6 river rats
  8 worms
  5 orcs (D:4)
  16 endoplasms
  13 giant cockroaches
  5 goblins
  4 hobgoblins
  8 jackals
  3 quokkas (Sewer)
  5 ball pythons
  10 bats
  4 frilled lizards
  4 kobolds
  12 rats
113 creatures vanquished.

Notes
Turn   | Place    | Note
-------+----------+-------------------------------------------
     0 | D:1      | zishaf the Vine Stalker Brigand began the quest for the
                  | Orb.
     0 | D:1      | Reached XP level 1. HP: 11/11 MP: 2/2
     1 | D:1      | Found a runed translucent door.
   262 | D:1      | Reached skill level 1 in Dodging
   262 | D:1      | Reached XP level 2. HP: 15/15 MP: 3/3
   307 | D:1      | Reached skill level 5 in Stealth
   648 | D:1      | Found a faded altar of an unknown god.
   827 | D:1      | Reached XP level 3. HP: 16/18 MP: 4/4
   889 | D:2      | Found Becwuset's Antique Weapon Shoppe.
  1227 | D:2      | Gained mutation: Your natural rate of healing is unusually
                  | fast. [Vine Stalker growth]
  1227 | D:2      | Reached XP level 4. HP: 20/23 MP: 3/5
  1533 | D:3      | Found a glowing drain.
  1540 | Sewer    | Entered a sewer
  1611 | Sewer    | Reached XP level 5. HP: 13/28 MP: 6/6
  1766 | Sewer    | Reached skill level 6 in Stealth
  2394 | D:3      | Reached XP level 6. HP: 32/32 MP: 7/7
  3200 | D:4      | Found a glowing golden altar of the Shining One.
  3252 | D:4      | Found Nelejua's Assorted Antiques.
  3266 | D:4      | Bought a scroll of blinking for 187 gold pieces
  3435 | D:4      | Noticed a water moccasin
  3450 | D:4      | Succumbed to a water moccasin's poison

Illustrated notes

Levels and vault maps discovered:
D:1:      dpeg_arrival_caged_fury, layout_loops_ring,
          shapermc_ecumenical_altar_pompeii, minmay_misc_feat_square
D:2:      layout_rooms, serial_shops, shop,
          nicolae_concentric_dashed_squares_mild, minmay_nonomino_d4
D:3:      layout_basic, portal_sewer_entry_b,
          hangedman_abyss_or_decor_lesser_grid, minmay_tree_intersection
D:4:      layout_loops_ring, kennysheep_little_box, serial_shops,
          nicolae_shop_advertising_works [nicolae_subvault_shop_adworks]

Skill      XL: |  1  2  3  4  5  6 |
---------------+-------------------+-----
Dodging        | 1 |  1.0
Fighting       | 2 3 4 |  4.0
Throwing       | 2 |  2.0
Stealth        | 5 6 |  6.0
Short Blades   | 2 3 |  3.8

Action                   |  1- 3 |  4- 6 || total
-------------------------+-------+-------++-------
Melee: Dagger            |   137 |   247 ||   384
       Bite              |    41 |    95 ||   136
       Punch             |     3 |       ||     3
  Use: Potion            |       |     3 ||     3
       Scroll            |       |    17 ||    17
 Stab: Sleeping          |     8 |     1 ||     9
Armor: Robe              |     4 |       ||     4
       Ring mail         |    27 |    80 ||   107
Dodge: Dodged            |    49 |    86 ||   135

Table legend: (Time is in decaauts)
 A = Elapsed time spent in this place.
 B = Non-inter-level travel time spent in this place.
 C = Inter-level travel time spent in this place.
 D = Time resting spent in this place.
 E = Time spent auto-exploring this place.
 F = Levels seen in this place.
 G = Mean time per level.
                   A        B        C        D        E       F      G
               +--------+--------+--------+--------+--------+-----+--------+
         Total |   3450 |   3329 |    121 |    129 |   2294 |   5 |  690.0 |
       Dungeon |   2597 |   2476 |    121 |    129 |   1734 |   4 |  649.2 |
         Sewer |    853 |    853 |      0 |      0 |    560 |   1 |  853.0 |
               +--------+--------+--------+--------+--------+-----+--------+

Top non-repeatable levels by time:
     D:1: 854 daAuts
   Sewer: 853 daAuts
     D:3: 636 daAuts
     D:4: 621 daAuts
     D:2: 486 daAuts
